 Dungeon Crawl Stone Soup version 0.30-a0-777-ga9a30cbeda (webtiles) character file.

Game seed: 10527808102246686566

305 bande the Covered (level 6, -1/38 HPs)
             Began as a Gargoyle Fighter on Feb 15, 2023.
             Was an Initiate of Okawaru.
             Slain by a gnoll
             ... wielding a +0 flail
             ... led by a gnoll bouda
              (2 damage)
             ... on level 5 of the Dungeon.
             The game lasted 00:05:04 (3426 turns).

bande the Covered (Gargoyle Fighter)                Turns: 3426, Time: 00:05:04

Health: -1/38      AC: 16    Str: 20    XL:     6   Next: 39%
Magic:  6/6        EV:  5    Int:  8    God:    Okawaru [......]
Gold:   190        SH:  6    Dex: 11    Spells: 5/5 levels left

rFire   . . .      SeeInvis .    a - +0 war axe
rCold   . . .      Faith    .    b - +2 buckler
rNeg    + . .      Spirit   .    k - +0 plate armour
rPois   ∞          Reflect  .    (no helmet)
rElec   +          Harm     .    (no cloak)
rCorr   .          Rampage  .    (no gloves)
Will    .....                    (no boots) Stlth
                                 (no amulet)
HPRegen 0.26/turn                (no ring)
MPRegen 0.10/turn                (no ring)

@: weakened
A: sickness immunity, AC +4, negative energy resistance 1, electricity
resistance, torment resistance 1, petrification resistance
a: Renounce Religion


You were on level 5 of the Dungeon.
You worshipped Okawaru.
Okawaru was noncommittal.
You visited 2 branches of the dungeon, and saw 6 of its levels.

You collected 190 gold pieces.

Inventory:

Hand Weapons
 a - a +0 war axe (weapon)
 c - a +0 flail
 l - a +0 war axe
Armour
 b - a +2 buckler (worn)
 k - a +0 plate armour (worn)
Scrolls
 e - 6 scrolls of identify {unknown}
 f - a scroll of enchant weapon {unknown}
 g - 2 scrolls of poison {unknown}
 i - a scroll of teleportation {unknown}
 j - 2 scrolls of enchant armour {unknown}
 m - 2 scrolls of magic mapping {unknown}
 n - 3 scrolls of immolation {unknown}
 r - a scroll of amnesia {unknown}
 s - a scroll of blinking {unknown}
Potions
 d - a potion of might
 h - a potion of brilliance {unknown}
 o - a potion of attraction {unknown}
 p - 2 potions of experience {unknown}
 q - a potion of curing {unknown}


   Skills:
 + Level 4.3 Fighting
 + Level 4.2 Axes
 + Level 4.4 Armour
 - Level 1.2 Stealth
 + Level 4.0 Shields
 * Level 0.4 Invocations


You had 5 spell levels left.
You didn't know any spells.
Your spell library contained the following spells:

 Spells                   Type           Power      Damage    Failure   Level
 Slow                     Hex            0%         N/A       100%        1
 Confusing Touch          Hex            0%         N/A       100%        3
 Hailstorm                Conj/Ice       0%         3d3       100%        3
 Vampiric Draining        Necr           0%         2d6       100%        3
 Ice Form                 Ice/Tmut       0%         N/A       100%        4
 Petrify                  Tmut/Erth      0%         N/A       100%        4
 Irradiate                Conj/Tmut      0%         3d11      100%        5
 Summon Small Mammal      Summ           Unusable   N/A       N/A         1
 Sublimation of Blood     Necr           Unusable   N/A       N/A         2
 Call Canine Familiar     Summ           Unusable   N/A       N/A         3
 Summon Guardian Golem    Hex/Summ       Unusable   N/A       N/A         3
 Simulacrum               Ice/Necr       Unusable   N/A       N/A         6

Dungeon Overview and Level Annotations

Branches:
Dungeon (5/15)             Temple (1/1) D:4

Altars:
Ashenzari
Cheibriados
Dithmenos
Elyvilon
Fedhas
Gozag
Hepliaklqana
Kikubaaqudgha
Makhleb
Nemelex Xobeh
Okawaru
Qazlal
Ru
Sif Muna
Trog
Uskayaw
Vehumet
Wu Jian
Xom
Yredelemnul
Zin


Innate Abilities, Weirdness & Mutations

You are immune to sickness and miasma.
Your stone body is resilient. (AC +4)
You are immune to poison.
You resist negative energy. (rN+)
You are resistant to electric shocks. (rElec)
You are resistant to unholy torment.
You are immune to petrification.


Message History

The gnoll bouda is healed somewhat.
The gnoll hits you with a +0 flail. The gnoll hits you but does no damage.
You closely miss the gnoll bouda.
The gnoll bouda is severely wounded.
You hit the gnoll.
The gnoll is no longer moving quickly. x2
You block the gnoll bouda's attack. The gnoll hits you with a +0 flail!
You block the gnoll's attack.
The gnoll bouda hits you but does no damage.
You are too injured to fight recklessly!
You are too injured to fight recklessly!
You are too injured to fight recklessly!
You are too injured to fight recklessly!
You are too injured to fight recklessly!
You are too injured to fight recklessly!
You are too injured to fight recklessly!
You are too injured to fight recklessly!
You are too injured to fight recklessly!
You hit the gnoll bouda but do no damage.
The gnoll bouda is severely wounded.
You hit the gnoll. The gnoll hits you with a +0 flail!
* * * LOW HITPOINT WARNING * * *
The gnoll hits you but does no damage.
The gnoll bouda barks out a call to the hunt!
The gnolls pick up the pace!
The gnoll hits you but does no damage.
You hit the gnoll bouda but do no damage.
The gnoll bouda is severely wounded.
You hit the gnoll.
The gnoll is no longer moving quickly.
You block the gnoll's attack.
The gnoll bouda hits you but does no damage.
You block the gnoll's attack. The gnoll hits you but does no damage.
You hit the gnoll bouda.
The gnoll bouda is almost dead.
You hit the gnoll but do no damage.
The gnoll bouda gazes fiercely through you!
You feel as though you will be weak longer.
The gnoll bouda hits you with a +0 club.
* * * LOW HITPOINT WARNING * * *
The gnoll hits you with a +0 flail.
You die...

..#
..##
...
#..
ng
g#
##g#
#@g#
#.##
##.#
#.##
#.#
##.#
#.##
##.#
##
#..#


You could see a necrophage, a gnoll bouda and 3 gnolls.

Vanquished Creatures
  A howler monkey (D:4)
  An orc priest (D:3)
  2 iguanas
  6 adders
  2 gnolls (D:5)
  A shadow imp (D:3)
  A dart slug (D:1)
  15 orcs
  6 bats
  5 endoplasms
  5 giant cockroaches
  6 hobgoblins
  5 jackals (D:1)
  9 kobolds
  4 quokkas
  4 ball pythons
  2 frilled lizards (D:3)
  8 goblins
  6 rats
89 creatures vanquished.

Notes
Turn   | Place    | Note
-------+----------+-------------------------------------------
     0 | D:1      | bande the Gargoyle Fighter began the quest for the Orb.
     0 | D:1      | Reached XP level 1. HP: 14/14 MP: 1/1
    94 | D:1      | Reached XP level 2. HP: 19/19 MP: 2/2
   378 | D:1      | Reached XP level 3. HP: 24/24 MP: 3/3
   811 | D:2      | Reached skill level 1 in Stealth
  1002 | D:2      | Reached XP level 4. HP: 14/29 MP: 4/4
  1510 | D:3      | Found a faded altar of an unknown god.
  1612 | D:3      | Found a bloodstained altar of Trog.
  1687 | D:3      | Reached XP level 5. HP: 30/33 MP: 5/5
  2239 | D:4      | Found a staircase to the Ecumenical Temple.
  2245 | Temple   | Entered the Ecumenical Temple
  2471 | D:4      | Reached XP level 6. HP: 18/38 MP: 6/6
  2662 | D:4      | Found a hide-covered altar of Uskayaw.
  2947 | D:5      | Entered Level 5 of the Dungeon
  3128 | D:5      | Found a sparkling altar of Nemelex Xobeh.
  3128 | D:5      | Found an iron altar of Okawaru.
  3144 | D:5      | Became a worshipper of Warmaster Okawaru
  3163 | D:5      | Found an opulent altar of Gozag.
  3426 | D:5      | HP: 1/38 [gnoll bouda/+0 club (3)]
  3426 | D:5      | Slain by a gnoll

Illustrated notes

Levels and vault maps discovered:
D:1:      minmay_arrival_four_houses, layout_loops_ring, minmay_box_of_dots
D:2:      layout_rooms
D:3:      minmay_chambers_of_threes, layout_rooms, mainiacjoe_overflow_chevrons,
          ebering_ecumenical_altar_webs, kennysheep_flooded_box
D:4:      layout_cave_pools, lemuel_round_altar, minmay_temple_entry_wispy,
          minmay_hedge_maze
D:5:      layout_cave_pods, lemuel_tele_altar, nicolae_overflow_two_pavilions,
          gammafunk_ghost_abyssal_escape, minmay_misc_feat_tower
Temple:   nicolae_temple_elliptical

Skill      XL: |  1  2  3  4  5  6 |
---------------+-------------------+-----
Axes           | 2 3 4 |  4.2
Stealth        | 1 |  1.2
Armour         | 4 |  4.4
Fighting       | 4 |  4.3
Shields        | 4 |  4.0
Invocations    | |  0.4

Action                     |  1- 3 |  4- 6 || total
---------------------------+-------+-------++-------
  Melee: War axe           |    80 |   202 ||   282
 Armour: Scale mail        |    40 |     2 ||    42
         Plate armour      |       |   162 ||   162
  Dodge: Dodged            |    37 |    60 ||    97
  Block: Buckler           |    16 |    75 ||    91

Table legend: (Time is in decaauts)
 A = Elapsed time spent in this place.
 B = Non-inter-level travel time spent in this place.
 C = Inter-level travel time spent in this place.
 D = Time resting spent in this place.
 E = Time spent auto-exploring this place.
 F = Levels seen in this place.
 G = Mean time per level.
                   A        B        C        D        E       F      G
               +--------+--------+--------+--------+--------+-----+--------+
         Total |   3535 |   3465 |     70 |    507 |   2099 |   6 |  589.2 |
       Dungeon |   3376 |   3333 |     43 |    507 |   1982 |   5 |  675.2 |
        Temple |    158 |    131 |     27 |      0 |    117 |   1 |  158.0 |
               +--------+--------+--------+--------+--------+-----+--------+

Top non-repeatable levels by time:
     D:1: 808 daAuts
     D:3: 748 daAuts
     D:2: 738 daAuts
     D:4: 586 daAuts
     D:5: 494 daAuts
  Temple: 158 daAuts
